Map: 카이로스 정션 - 래더

Players

Ragnarok (SHIN)

  • Race: Zerg Zerg
  • League: Grandmaster
  • Spawn Location: 5:00

GuMiho - Winner!

  • Race: Terran Terran
  • League: Grandmaster
  • Spawn Location: 11:00

Event: IEM Season 13 - Katowice Server Qualifiers Asia 1

VOD

Have the link to the VOD?

Description

Time

  • Played on: Jan. 14, 2019, 5:21 a.m.
  • Length: 11:52

All games in this series

Show
View Real Time Build Order
Export as new Build Order

Ragnarok Zerg 

Build Orders: Pool First, Muta Ling Bane 

Get SALT Encoding   

  12  0:00  Drone  
  13  0:08  Drone  
  14  0:17  Overlord  
  14  0:22  Extractor  
  14  0:23  Drone  
  15  0:35  Drone x2  
  17  0:44  Drone  
  17  0:48  Extractor  
  17  0:49  Spawning Pool  
  16  0:54  Drone  
  17  1:09  Drone  
  18  1:17  Hatchery  
  17  1:36  Queen, Zergling x4  
  21  1:42  Drone  
  22  1:48  Overlord  
  22  1:54  Metabolic Boost  
  22  2:05  Roach Warren  
  21  2:08  Drone  
  22  2:15  Overlord  
  22  2:30  Queen  
  22  2:31  Drone  
  22  2:34  Drone  
  26  2:38  Queen  
  26  2:39  Drone  
  30  2:44  Drone  
  30  2:48  Drone  
  30  2:51  Drone  
  33  2:54  Drone  
  33  2:55  Drone  
  35  2:59  Drone  
  36  3:14  Hatchery  
  36  3:18  Drone x2  
  37  3:20  Drone  
  37  3:25  Drone x2  
  40  3:28  Overlord  
  40  3:34  Queen  
  40  3:39  Drone x2  
  44  3:41  Overlord  
  44  3:49  Baneling Nest  
  44  3:52  Drone x2  
  44  3:53  Drone x2  
  47  4:00  Drone  
  47  4:02  Zergling x6  
  51  4:07  Extractor  
  50  4:10  Queen  
  50  4:12  Drone x2  
  50  4:16  Drone  
  55  4:23  Overlord, Drone x2  
  55  4:24  Drone x3  
  59  4:25  Queen  
  62  4:33  Zergling x2  
  62  4:34  Zergling x2  
  62  4:35  Drone  
  65  4:39  Drone  
  65  4:41  Evolution Chamber  
  65  4:43  Drone x4  
  65  4:44  Evolution Chamber  
  68  4:50  Overlord, Drone x2  
  70  4:54  Spore Crawler  
  70  4:59  Overlord  
  69  5:00  Lair  
  69  5:04  Overlord  
  69  5:08  Drone x3  
  69  5:09  Drone  
  69  5:12  Zerg Melee Weapons Level 1  
  73  5:15  Zerg Ground Armor Level 1  
  73  5:19  Drone x2  
  73  5:20  Drone x2  
  77  5:21  Drone  
  77  5:25  Drone x2  
  77  5:28  Drone  
  81  5:30  Extractor  
  80  5:38  Hatchery  
  80  5:40  Drone x4  
  80  5:41  Drone x2  
  85  5:44  Extractor x2  
  85  5:45  Zergling x2  
  85  5:46  Zergling x6  
  85  5:47  Zergling x2  
  88  5:51  Overlord  
  88  5:53  Overlord  
  88  5:59  Centrifical Hooks  
  88  6:02  Spire, Zergling x4  
  88  6:03  Zergling x2  
  90  6:07  Overlord x2  
  90  6:10  Extractor  
  89  6:12  Overlord  
  89  6:14  Drone x3  
  89  6:15  Drone  
  93  6:21  Zergling x8  
  97  6:29  Zergling x10  
  97  6:32  Baneling x2  
  101  6:33  Baneling x4  
  101  6:34  Baneling  
  101  6:35  Zergling x2  
  101  6:37  Zergling x6  
  105  6:40  Zergling x2  
  105  6:47  Overlord  
  98  6:53  Drone x5  
  101  6:58  Overlord  
  100  7:13  Mutalisk x9  
  118  7:19  Zergling x2  
  119  7:22  Baneling  
  119  7:23  Baneling x5  
  119  7:25  Zergling x12  
  125  7:32  Zergling x14  
  124  7:38  Zergling x4  
  124  7:43  Baneling x13  
  127  7:44  Zergling x4  
  127  7:48  Zergling x2  
  129  7:52  Zergling x4  
  124  7:58  Zergling x14  
  124  8:04  Zergling x4  
  124  8:05  Zergling x2  
  132  8:11  Zergling x2  
  111  8:25  Zerg Ground Armor Level 2, Zerg Melee Weapons Level 2  
  109  8:29  Drone x5  
  109  8:30  Extractor x2  
  109  8:32  Hatchery  
  101  8:39  Zergling x6  
  93  8:47  Zergling x4  
  93  8:48  Zergling x2  
  96  8:51  Hydralisk Den  
  96  8:52  Baneling x6  
  96  8:54  Zergling x2  
  96  8:57  Zergling x2  
  96  8:58  Zergling x2  
  96  9:02  Baneling x4  
  97  9:03  Baneling x2  
  97  9:08  Zergling x6  
  100  9:18  Hatchery  
  100  9:22  Hydralisk x3, Grooved Spines  
  105  9:29  Hatchery, Hydralisk  
  105  9:30  Hydralisk x4  
  114  9:36  Hydralisk x3  
  114  9:37  Hydralisk  
  122  9:43  Overlord, Spore Crawler  
  122  9:45  Zergling x4  
  123  9:52  Drone  
  124  9:57  Drone x2  
  124  9:58  Drone x7  
  132  10:04  Hydralisk, Zergling x4  
  132  10:05  Zergling x2  
  137  10:07  Overlord  
  137  10:08  Zergling x2  
  137  10:10  Baneling x4  
  137  10:13  Zergling x4  
  122  10:23  Zergling x2  
  122  10:24  Zergling x6  
  122  10:26  Zergling x2  
  122  10:27  Zergling x2  
  122  10:28  Hatchery  
  122  10:32  Zergling x6  
  122  10:33  Muscular Augments, Zergling x2  
  126  10:38  Zergling x8  
  126  10:42  Zergling x6  
  132  10:48  Zergling x10  
  137  10:53  Zergling x6  
  140  10:57  Baneling x7  
  140  10:58  Zergling x2  
  140  11:00  Overlord  
  140  11:04  Zergling x6  
  135  11:08  Zergling x6  
  139  11:15  Zergling x10  
  144  11:23  Zergling x8  
  144  11:24  Zergling x6  
  150  11:28  Zergling x6  
  150  11:29  Zergling x2  
  150  11:35  Infestation Pit  
Show
View Real Time Build Order
Export as new Build Order

GuMiho Terran - Winner!

Build Orders: Reaper Expand 

Get SALT Encoding   

  12  0:00  SCV  
  13  0:12  SCV  
  14  0:16  Supply Depot  
  14  0:24  SCV  
  15  0:38  SCV  
  15  0:40  Barracks  
  16  0:43  Refinery  
  16  0:50  SCV  
  17  1:02  SCV  
  18  1:14  SCV  
  19  1:27  Reaper  
  19  1:28  Orbital Command  
  20  1:39  Command Center  
  20  1:48  Supply Depot  
  20  1:53  SCV  
  21  1:59  Marine  
  22  2:05  SCV  
  22  2:08  Factory  
  23  2:17  Marine, SCV  
  25  2:29  SCV  
  26  2:35  Barracks Reactor  
  24  2:41  SCV  
  25  2:45  Bunker  
  25  2:51  Factory Tech Lab  
  25  2:54  SCV  
  25  2:55  Bunker  
  25  2:56  Refinery  
  26  3:01  Orbital Command  
  26  3:06  SCV  
  26  3:11  Cyclone  
  30  3:13  Marine  
  30  3:14  Marine  
  30  3:18  SCV  
  33  3:24  Supply Depot  
  33  3:27  SCV  
  33  3:30  SCV  
  33  3:31  Marine x2  
  37  3:39  SCV  
  38  3:42  SCV  
  38  3:43  Siege Tank  
  42  3:51  SCV  
  42  3:54  Barracks, SCV  
  44  3:58  Barracks Tech Lab  
  44  4:00  Barracks  
  44  4:02  Starport  
  44  4:04  SCV  
  44  4:06  SCV  
  46  4:16  SCV  
  47  4:18  SCV  
  47  4:20  Command Center  
  47  4:22  Stimpack  
  48  4:29  SCV, Supply Depot  
  48  4:30  SCV  
  50  4:32  Marine  
  50  4:36  Refinery x2  
  51  4:41  Starport Reactor, SCV  
  51  4:42  SCV  
  53  4:46  Barracks Reactor  
  53  4:49  Engineering Bay  
  53  4:52  Engineering Bay  
  53  4:54  SCV  
  53  4:55  SCV, Supply Depot  
  55  5:02  Marine x3  
  55  5:06  SCV  
  55  5:07  SCV  
  60  5:13  Supply Depot  
  60  5:16  Terran Infantry Weapons Level 1  
  60  5:17  Terran Infantry Armor Level 1  
  60  5:19  SCV x2  
  62  5:22  Marine x3  
  62  5:23  Marine x2  
  62  5:27  Medivac  
  69  5:31  Medivac  
  69  5:33  Orbital Command  
  71  5:37  Barracks  
  71  5:41  Barracks  
  71  5:45  Marine x3  
  71  5:47  Marine  
  75  5:50  Marine  
  75  5:54  Siege Tank  
  79  6:00  Supply Depot  
  79  6:03  Marine  
  80  6:06  Orbital Command  
  80  6:09  Medivac x2  
  80  6:10  Marine x3  
  80  6:11  Marine  
  88  6:12  SCV x2  
  88  6:17  Supply Depot  
  90  6:18  Supply Depot  
  90  6:24  Armory  
  90  6:32  Combat Shield  
  90  6:33  Barracks Reactor x2  
  90  6:36  Marine x3  
  92  6:45  SCV x2  
  93  6:48  Marine  
  93  6:49  Marine  
  93  6:50  SCV  
  96  6:55  Marine, Orbital Command  
  96  6:56  Marine x2  
  96  6:57  SCV x2  
  101  7:02  SCV  
  101  7:03  Supply Depot  
  101  7:04  Siege Tank  
  101  7:06  Marine  
  106  7:09  SCV  
  106  7:10  Marine x2  
  106  7:11  Marine x3  
  106  7:12  SCV  
  113  7:16  Supply Depot  
  113  7:18  Marine x2  
  113  7:21  SCV  
  116  7:28  Marine x2  
  116  7:29  Marine  
  119  7:34  Terran Infantry Weapons Level 2  
  119  7:36  Siege Tank  
  112  7:37  Terran Infantry Armor Level 2  
  112  7:38  Marine x3  
  112  7:39  Marine x3  
  118  7:46  Marine x3  
  118  7:49  Missile Turret  
  118  7:50  SCV x3  
  124  7:56  Marine x2  
  124  7:57  Marine  
  124  7:58  Marine x2  
  123  7:59  Marine  
  123  8:02  SCV x3  
  123  8:03  Medivac  
  130  8:06  Missile Turret  
  122  8:16  Marine x2  
  122  8:17  Marine x2  
  122  8:18  Marine x5  
  104  8:23  Medivac  
  104  8:31  SCV x3  
  104  8:34  Marine x2  
  106  8:35  Marine x4  
  106  8:36  Marine x2  
  106  8:37  Marine  
  106  8:42  Siege Tank  
  106  8:46  Bunker  
  109  8:48  Missile Turret  
  109  8:49  Medivac  
  109  8:51  Marine x2  
  109  8:53  Marine x4, Medivac  
  109  8:55  Marine x2  
  120  8:56  Marine  
  120  9:01  Terran Vehicle And Ship Armor Level 1  
  122  9:04  Supply Depot  
  122  9:05  Supply Depot  
  122  9:07  Supply Depot  
  122  9:09  Marine x2  
  124  9:10  Marine  
  124  9:11  Marine x2  
  124  9:15  Siege Tank  
  130  9:18  Supply Depot  
  130  9:19  Marine x3  
  133  9:25  Marine, Medivac x2  
  133  9:27  Marine  
  138  9:33  Marine x2  
  138  9:34  Marine  
  138  9:37  Marine x4  
  145  9:39  Supply Depot  
  145  9:40  Supply Depot  
  145  9:41  Command Center  
  145  9:45  Marine x2  
  145  9:47  Siege Tank  
  145  9:51  Marine x3  
  153  9:54  Marine  
  153  9:55  Marine  
  153  9:58  Marine x2  
  157  10:00  Medivac  
  157  10:05  Marine x2  
  161  10:13  Marine x2  
  163  10:17  Marine x3  
  163  10:20  Marine x2  
  167  10:25  Marine x2  
  167  10:31  Marine x2  
  167  10:32  Siege Tank  
  167  10:34  Medivac x2  
  167  10:35  Marine x3  
  177  10:38  Marine x2  
  180  10:43  Marine  
  181  10:52  Marine x3  
  181  10:53  Marine x2  
  186  11:00  Marine x2  
  186  11:01  Marine x2, Supply Depot  
  189  11:04  Siege Tank  
  189  11:10  Marine x3  
  195  11:15  Marine  
  200  11:32  Marine  
  200  11:34  Barracks  
  200  11:35  Barracks x2  

Tags
 
Add a new tag
Caveats
  • Supply blocks, unpowered buildings, or Contaminate may cause inaccurate times.
  • Supply counts are checked every 10 seconds.